 Dungeon Crawl Stone Soup version 0.21.0-24-g2553a33 (webtiles) character file.

44 tidbits the Firebug (level 3, -1/25 HPs)
             Began as a Gnoll Fire Elementalist on Jan 19, 2018.
             Killed from afar by a kobold (12 damage)
             ... with a wand of flame (20)
             ... on level 4 of the Dungeon.
             The game lasted 00:03:48 (417 turns).

tidbits the Firebug (Gnoll Fire Elementalist)        Turns: 417, Time: 00:03:49

Health: -1/25      AC:  2    Str: 10    XL:     3   Next: 62%
Magic:  5/9        EV: 14    Int: 18    God:
Gold:   40         SH:  0    Dex: 15    Spells: 9/12 levels left

rFire    . . .     SeeInvis .   f - +0 short sword
rCold    . . .     Gourm    .   (no shield)
rNeg     . . .     Faith    .   a - +0 robe
rPois    .         Spirit   .   (no helmet)
rElec    .         Reflect  .   (no cloak)
rCorr    .         Harm     .   (no gloves)
MR       .....                  (no boots)
Stlth    +++.......             (no amulet)
HPRegen  0.08/turn              (no ring)
MPRegen  0.11/turn              (no ring)

@: no status effects
A: distributed training, fangs 1, strong nose
a: no special abilities


You were on level 4 of the Dungeon.
You were not hungry.

You visited 1 branch of the dungeon, and saw 4 of its levels.

You collected 40 gold pieces.

Inventory:

Hand Weapons
 d - a +0 dagger
 f - a +0 short sword (weapon)
 g - a +0 blowgun
 j - a +0 mace of holy wrath
   (You found it on level 3 of the Dungeon)
Missiles
 k - 3 stones (quivered)
 l - 8 curare-tipped needles
Armour
 a - a +0 robe (worn)
Scrolls
 e - a scroll of amnesia {unknown}
Potions
 h - 2 potions of heal wounds {unknown}
 i - 2 potions of curing {unknown}
 m - a potion of lignification {unknown}
Books
 b - a book of Flames

   Spells                             Type                      Level
   a - Flame Tongue                   Conjuration/Fire             1
   b - Throw Flame                    Conjuration/Fire             2
   c - Conjure Flame                  Conjuration/Fire             3
   d - Inner Flame                    Hexes/Fire                   3
   e - Sticky Flame                   Conjuration/Fire             4
   f - Fireball                       Conjuration/Fire             5
Comestibles
 c - a ration


   Skills:
 + Level 0.8 Fighting
 + Level 0.8 Short Blades
 + Level 0.8 Long Blades
 + Level 0.8 Axes
 + Level 0.8 Maces & Flails
 + Level 0.8 Polearms
 + Level 0.8 Staves
 + Level 0.8 Slings
 + Level 0.8 Bows
 + Level 0.8 Crossbows
 + Level 0.8 Throwing
 + Level 0.8 Armour
 + Level 4.5 Dodging
 + Level 4.1 Stealth
 + Level 0.8 Shields
 + Level 0.8 Unarmed Combat
 + Level 5.0 Spellcasting
 + Level 2.1 Conjurations
 + Level 0.5 Hexes
 + Level 0.5 Charms
 + Level 0.5 Summonings
 + Level 0.5 Necromancy
 + Level 0.5 Translocations
 + Level 0.5 Transmutations
 + Level 5.4 Fire Magic
 + Level 0.5 Ice Magic
 + Level 0.5 Air Magic
 + Level 0.5 Earth Magic
 + Level 0.5 Poison Magic
 + Level 1.0 Invocations
 + Level 0.8 Evocations


You had 9 spell levels left.
You knew the following spells:

 Your Spells              Type           Power        Failure   Level  Hunger
a - Flame Tongue          Conj/Fire      ###..        2%          1    None
f - Throw Flame           Conj/Fire      ###...       4%          2    #......


Dungeon Overview and Level Annotations

Branches:
Dungeon (4/15)
 Temple: D:4-7

Altars:
Vehumet


Innate Abilities, Weirdness & Mutations

Your experience applies equally to all skills.
You have very sharp teeth.
Your uncanny sense of smell can sniff out nearby items.


Message History

Aim: a kobold, wielding an enchanted whip The flame tongue hits the kobold.
The kobold appears unharmed.
Press: ? - help, v - describe, . - travel
Here: a kobold, wielding an enchanted whip The floor.
Casting: Flame Tongue
Confirm with . or Enter, or press ? or * to list all spells.
Aiming: Flame Tongue
Press: ? - help, Shift-Dir - straight line, f/p - kobold
Aim: a kobold, wielding an enchanted whip The flame tongue hits the kobold.
The kobold is heavily wounded.
You hit the kobold but do no damage.
The kobold is heavily wounded.
The kobold hits you but does no damage.
You miss the kobold. Your bite misses the kobold.
The kobold is heavily wounded.
The kobold completely misses you.
You barely miss the kobold.
The kobold is heavily wounded.
The kobold misses you.
Casting: Flame Tongue
Confirm with . or Enter, or press ? or * to list all spells.
Aiming: Flame Tongue
Press: ? - help, Shift-Dir - straight line, f/p - kobold
Aim: a kobold, wielding an enchanted whip (heavily wounded)
The flame tongue hits the kobold.
You kill the kobold!
The leopard gecko bites you.
Unknown command.
You closely miss the leopard gecko. The leopard gecko bites you.
The leopard gecko closely misses you.
You hit the leopard gecko but do no damage.
The leopard gecko bites you.
You barely miss the leopard gecko. The leopard gecko bites you.
You hit the leopard gecko but do no damage.
The leopard gecko bites you.
* * * LOW HITPOINT WARNING * * *
The leopard gecko completely misses you.
Casting: Flame Tongue
Confirm with . or Enter, or press ? or * to list all spells.
Aiming: Flame Tongue
Press: ? - help, Shift-Dir - straight line, f - leopard gecko
Aim: a leopard gecko The flame tongue hits the leopard gecko.
The leopard gecko appears unharmed.
The leopard gecko barely misses you.
Unknown command.
The leopard gecko closely misses you.
Your magical contamination has completely faded away.
There is an open door here.
Casting: Flame Tongue
Confirm with . or Enter, or press ? or * to list all spells.
Aiming: Flame Tongue
Press: ? - help, Shift-Dir - straight line, f/p - leopard gecko
Aim: a leopard gecko (clinging)
The flame tongue hits the leopard gecko.
The leopard gecko is severely wounded.
The leopard gecko bites you.
* * * LOW HITPOINT WARNING * * *
You barely miss the leopard gecko.
The leopard gecko is severely wounded.
The leopard gecko misses you. The leopard gecko closely misses you.
You hit the leopard gecko.
You kill the leopard gecko!
You see here a leopard gecko corpse.
There is an open door here.
Items here: ( )) † an enchanted whip; a blowgun; 8 curare-tipped needles; a kobold corpse
k - a blowgun;
l - 8 curare-tipped needles Adjust (i)tems, (s)pells, or (a)bilities?
Adjust which item? (? for menu, Esc to quit)
k - a blowgun Adjust to which letter? (? for menu, Esc to quit)
g - a blowgun;
k - 3 stones (quivered)
You open the door.
Found a murky pink potion.
There is an open door here.
Found a stone staircase leading down.
You see here a murky pink potion.
m - a murky pink potion
There is a stone staircase leading down here.
You climb downwards.
There is a stone staircase leading up here.
Unknown command.
Found a chain mail.
You open the door.
A kobold comes into view.
Found a radiant altar of Vehumet.
There is an open door here.
The kobold zaps a wand.
The puff of flame hits you!
* * * LOW HITPOINT WARNING * * *
It is a wand of flame (20).
Casting: Flame Tongue
Confirm with . or Enter, or press ? or * to list all spells.
Aiming: Flame Tongue
Press: ? - help, Shift-Dir - straight line, f - kobold
Aim: a kobold, carrying a wand of flame (20)
The flame tongue hits the kobold.
The kobold appears unharmed.
The kobold zaps a wand.
The puff of flame hits you!
You die...

#..####.# #+##
#..####.# ##...##
#.......# ##.....##
##.##.###
##.......##
#.#...####.........#
#........'.........+
#.#...####.........#
#.....# ##........#
#####.# #.@......#
#.# #...#....# #.#
#...K...## #.#
#.#._.#.# #.
#....... #...#....
#......... #.
.....#.


You could see a kobold.

Vanquished Creatures
  2 adders
  A dart slug (D:3)
  4 leopard geckos
  An orc (D:3)
  2 bats (D:2)
  3 goblins
  A hobgoblin (D:2)
  A frilled lizard (D:2)
  2 kobolds
  4 rats
21 creatures vanquished.

Vanquished Creatures (others)
  A bat (D:2)
1 creature vanquished.

Grand Total: 22 creatures vanquished

Notes
Turn   | Place    | Note
-------+----------+-------------------------------------------
     0 | D:1      | tidbits the Gnoll Fire Elementalist began the quest for the Orb.
     0 | D:1      | Reached XP level 1. HP: 13/13 MP: 6/6
    49 | D:1      | Reached skill level 2 in Conjurations
   123 | D:2      | Reached XP level 2. HP: 15/20 MP: 3/7
   127 | D:2      | Learned a level 2 spell: Throw Flame
   208 | D:2      | Reached XP level 3. HP: 25/25 MP: 1/9
   276 | D:2      | Reached skill level 5 in Spellcasting
   340 | D:3      | Reached skill level 1 in Invocations
   413 | D:4      | Found a radiant altar of Vehumet.
   417 | D:4      | Killed from afar by a kobold

Skill      XL: |  1  2  3 |
---------------+----------+-----
Conjurations   | 2 |  2.1
Spellcasting   | 5 |  5.0
Invocations    | 1 |  1.0
Fighting       | |  0.8
Short Blades   | |  0.8
Long Blades    | |  0.8
Axes           | |  0.8
Maces & Flails | |  0.8
Polearms       | |  0.8
Staves         | |  0.8
Slings         | |  0.8
Bows           | |  0.8
Crossbows      | |  0.8
Throwing       | |  0.8
Armour         | |  0.8
Dodging        | |  4.5
Stealth        | |  4.1
Shields        | |  0.8
Unarmed Combat | |  0.8
Hexes          | |  0.5
Charms         | |  0.5
Summonings     | |  0.5
Necromancy     | |  0.5
Translocations | |  0.5
Transmutations | |  0.5
Fire Magic     | |  5.4
Ice Magic      | |  0.5
Air Magic      | |  0.5
Earth Magic    | |  0.5
Poison Magic   | |  0.5
Evocations     | |  0.8

Action                   || total
-------------------------++-------
Melee: Dagger            ||    10
       Short sword       ||    15
 Cast: Flame Tongue      ||    35
 Stab: Sleeping          ||     2
Armor: Robe              ||     2
Dodge: Dodged            ||    30

Table legend:
 A = Turns spent in this place as a percentage of turns spent in the entire game.
 B = Non-inter-level travel turns spent in this place as a percentage of non-inter-level travel turns spent in the entire game.
 C = Inter-level travel turns spent in this place as a percentage of turns spent in this place.
 D = Turns resting spent in this place as a percentage of non-inter-level travel turns spent in this place.
 E = Turns spent auto-exploring this place as a percentage of non-inter-level travel turns spent in this place.
 F = Non-inter-level travel turns spent in this place divided by the number of levels of this place that you've seen.
                   A       B       C       D       E      F
               +-------+-------+-------+-------+-------+----------------------
         Total | 100.0 | 100.0 |   0.0 |   0.0 |   0.0 | 104.2
       Dungeon | 100.0 | 100.0 |   0.0 |   0.0 |   0.0 | 104.2
               +-------+-------+-------+-------+-------+----------------------

Table legend:
 A = Kills in this place as a percentage of kills in entire the game.
 B = Kills by you in this place as a percentage of kills by you in the entire game.
 C = Kills by friends in this place as a percentage of kills by friends in the entire game.
 D = Other kills in this place as a percentage of other kills in the entire game.
 E = Experience gained in this place as a percentage of experience gained in the entire game.
 F = Experience gained in this place divided by the number of levels of this place that you have seen.
                   A       B       C       D       E      F
               +-------+-------+-------+-------+-------+----------------------
         Total | 100.0 | 100.0 |   N/A | 100.0 | 100.0 |  16.0
       Dungeon | 100.0 | 100.0 |   N/A | 100.0 | 100.0 |  16.0
               +-------+-------+-------+-------+-------+----------------------

Vault maps used:
D:1:      mrwooster_arrival_statue_2, grunt_decor_clamped,
          corexii_item_surrounded_by_moat
D:2:      first_ration
D:3:      minmay_overflow_temple_hex, trog_eyes_of_draining
D:4:      vehumet_altar_wand_db, serial_undead, serial_undead_b,
          serial_undead_f, serial_undead_c, serial_undead_d
